 Dungeon Crawl Stone Soup version 0.30.1-11-g7821555f0a (webtiles) character file.

Game seed: 5960612018480484478

2912 Donohue the Protected (level 9, -7/75 HPs)
             Began as a Minotaur Berserker on Dec 19, 2023.
             Was an Elder of Trog.
             Mangled by an orc warrior
             ... wielding a +0 battleaxe
              (13 damage)
             ... on level 8 of the Dungeon.
             The game lasted 00:41:17 (7272 turns).

Donohue the Protected (Minotaur Berserker)          Turns: 7272, Time: 00:41:18

Health: -7/75      AC: 16    Str: 26    XL:     9   Next: 49%
Magic:  8/8        EV:  8    Int: 10    God:    Trog [****..]
Gold:   438        SH:  3    Dex: 10    Spells: 8/8 levels left

rFire   . . .        A - +4 flail (heavy)
rCold   . . .        C - +0 buckler
rNeg    . . .        y - +0 plate armour
rPois   .            (helmet restricted)
rElec   .            (no cloak)
rCorr   .            (no gloves)
SInv    .            i - +1 pair of boots
Will    .....        D - amulet of faith
Stlth   x              - +6 ring of intelligence
HPRegen 0.32/turn    (no ring)
MPRegen 0.11/turn

%: faith
@: no status effects
A: horns 2, retaliatory headbutt
a: Renounce Religion, Berserk, Trog's Hand, Brothers in Arms


You were on level 8 of the Dungeon.
You worshipped Trog.
Trog was greatly pleased with you.
You visited 1 branch of the dungeon, and saw 8 of its levels.

You collected 438 gold pieces.

Inventory:

Hand Weapons
 a - a +0 falchion
 k - a +0 broad axe
 s - a +0 sling
 A - a +4 heavy flail (weapon)
Missiles
 b - 11 poisoned darts
 g - 61 stones (quivered)
 v - 6 curare-tipped darts
Armour
 i - a +1 pair of boots (worn)
 y - a +0 plate armour (worn)
 B - a +2 ring mail of fire resistance
 C - a +0 buckler (worn)
Jewellery
 x - a +6 ring of intelligence (left hand)
 D - an amulet of faith (around neck)
Wands
 z - a wand of digging (4)
 J - a wand of light (7)
 M - a wand of flame (14)
Scrolls
 e - 5 scrolls of fear
 h - 6 scrolls of teleportation {unknown}
 j - 2 scrolls of magic mapping {unknown}
 l - 3 scrolls of noise {unknown}
 m - 7 scrolls of identify {unknown}
 q - 3 scrolls of amnesia {unknown}
 r - a scroll of vulnerability {unknown}
 t - 4 scrolls of enchant weapon {unknown}
 u - a scroll of enchant armour {unknown}
 E - a scroll of torment {unknown}
 H - a scroll of poison {unknown}
 K - a scroll of fog {unknown}
Potions
 c - 3 potions of curing {unknown}
 d - 3 potions of lignification {unknown}
 f - 2 potions of haste {unknown}
 n - 2 potions of cancellation {unknown}
 o - 2 potions of berserk rage {unknown}
 p - 2 potions of attraction {unknown}
 w - 2 potions of might {unknown}
 F - a potion of ambrosia {unknown}
 G - a potion of flight {unknown}
 I - 4 potions of heal wounds {unknown}
 L - 2 potions of mutation {unknown}


   Skills:
 + Level 5.9 Fighting
 - Level 4.0 Long Blades
 - Level 6.7(8.7) Axes
 * Level 8.6(9.7) Maces & Flails
 * Level 9.5 Armour
 + Level 3.5 Dodging
 + Level 1.1 Stealth
 + Level 1.2 Shields


You had 8 spell levels left.
You didn't know any spells.
Your spell library was empty.

Dungeon Overview and Level Annotations

Branches:
Dungeon (8/15)             Temple (0/1) D:4
   Lair: D:8-11

Altars:
Cheibriados
Ru

Shops:
D:2 =   D:5 (

Annotations:
D:3 1 runed translucent door, bairyn's ghost, weakling MiFi


Innate Abilities, Weirdness & Mutations

You have a pair of horns on your head.
You reflexively headbutt those who attack you in melee.


Message History

Something hits you but does no damage. The orc barely misses you.
The orc hits you with a +0 hand axe.
The orc warrior hits you but does no damage.
Unknown command.
You're too confused to move!
Something hits you but does no damage. The orc hits you but does no damage.
The orc priest hits you with a +0 mace. The orc hits you but does no damage.
The orc warrior hits you with a +0 battleaxe!
You sock something!
You feel less confused. Something hits you but does no damage.
The orc hits you but does no damage. x2
The orc priest hits you with a +0 mace.
* * * LOW HITPOINT WARNING * * *
The orc warrior closely misses you.
You thump something! Trog accepts your kill.
Trog appreciates your killing of a magic user.
Reactivating autopickup.
You feel a bit more experienced. The orc hits you but does no damage.
The orc closely misses you. The orc priest barely misses you.
The orc warrior hits you with a +0 battleaxe.
* * * LOW HITPOINT WARNING * * *
The orc hits you but does no damage.
The orc warrior hits you with a +0 battleaxe!
* * * LOW HITPOINT WARNING * * *
The orc priest barely misses you. You furiously retaliate!
You headbutt the orc priest! You block the orc's attack.
You barely miss the orc priest. You headbutt the orc priest.
The orc priest is severely wounded.
The orc closely misses you. x2
The orc priest mumbles some strange prayers to Beogh against you.
You struggle to resist.
The orc warrior hits you with a +0 battleaxe!
* * * LOW HITPOINT WARNING * * *
You hit the orc priest.
You kill the orc priest!
Trog accepts your kill. The orc hits you but does no damage. x2
The orc warrior hits you with a +0 battleaxe!
You die...

.......... ..
........##.. .
##.......#...
..#..........
#.......... .
.#........# ..
.....#....#.##.
......))o......
$.....o@o..#..#
...............
...............
...............
......##.......
...... .......
...... .......
...... .......


You could see an orc warrior and 2 orcs.

Vanquished Creatures
  Sigmund (D:3)
  A wyvern (D:7)
  Menkaure (D:5)
  A steam dragon (D:6)
  Edmund (D:4)
  Duvessa (D:6)
  2 water moccasins (D:6)
  2 sky beasts (D:7)
  2 black bears
  A phantom (D:6)
  2 bullfrogs (D:6)
  2 scorpions
  3 wights (D:7)
  Dowan (D:6)
  3 killer bees (D:8)
  2 howler monkeys (D:7)
  2 jellies
  3 orc priests
  4 hounds
  8 iguanas
  2 sleepcaps
  4 orc wizards
  4 gnolls (D:4)
  9 adders
  A shadow imp (D:5)
  4 white imps
  2 ufetubi
  A worm (D:2)
  2 dart slugs
  16 orcs
  6 ball pythons
  3 bats
  4 endoplasms
  3 giant cockroaches
  4 goblins
  3 hobgoblins
  3 jackals (D:2)
  7 quokkas
  A frilled lizard (D:2)
  4 kobolds
  4 rats
  A butterfly (D:4)
131 creatures vanquished.

Notes
Turn   | Place    | Note
-------+----------+-------------------------------------------
     0 | D:1      | Donohue the Minotaur Berserker began the quest for the Orb.
     0 | D:1      | Reached XP level 1. HP: 19/19 MP: 0/0
   133 | D:1      | Reached XP level 2. HP: 15/27 MP: 1/1
   743 | D:2      | Found Seat's Jewellery Shop.
   825 | D:2      | Reached ** piety under Trog
   826 | D:2      | Reached XP level 3. HP: 29/33 MP: 2/2
   864 | D:2      | Reached skill level 1 in Axes
  1405 | D:3      | Reached XP level 4. HP: 40/40 MP: 3/3
  1501 | D:3      | Reached skill level 3 in Armour
  1551 | D:3      | Found a faded altar of an unknown god.
  1816 | D:3      | Found a runed translucent door.
  1816 | D:3      | Noticed bairyn's ghost (weakling MiFi)
  1887 | D:3      | Noticed Sigmund
  1895 | D:3      | Killed Sigmund
  1896 | D:3      | Reached XP level 5. HP: 47/47 MP: 4/4
  1939 | D:4      | Reached XP level 6. HP: 53/53 MP: 5/5
  1993 | D:4      | Noticed Edmund
  2131 | D:4      | Found a snail-covered altar of Cheibriados.
  2159 | D:4      | Reached skill level 5 in Axes
  2519 | D:4      | Reached skill level 4 in Armour
  2592 | D:4      | Found a staircase to the Ecumenical Temple.
  2809 | D:4      | Reached XP level 7. HP: 44/60 MP: 6/6
  3399 | D:4      | Killed Edmund
  3400 | D:4      | Reached skill level 5 in Fighting
  3400 | D:4      | Reached skill level 1 in Stealth
  3632 | D:5      | Entered Level 5 of the Dungeon
  3693 | D:5      | Noticed Menkaure
  3711 | D:5      | Reached skill level 1 in Maces & Flails
  4044 | D:5      | Reached skill level 5 in Armour
  4088 | D:5      | Reached *** piety under Trog
  4322 | D:5      | Killed Menkaure
  4376 | D:5      | Reached skill level 6 in Armour
  4625 | D:5      | Reached XP level 8. HP: 65/68 MP: 7/7
  4717 | D:5      | Found Koafib's Weapon Shoppe.
  4916 | D:6      | Reached skill level 7 in Armour
  4948 | D:6      | Reached skill level 5 in Maces & Flails
  4961 | D:6      | Reached **** piety under Trog
  5252 | D:6      | Reached skill level 8 in Armour
  5472 | D:6      | Noticed Duvessa
  5472 | D:6      | Noticed Dowan
  5477 | D:6      | Killed Duvessa
  5487 | D:6      | Killed Dowan
  5683 | D:6      | Found a sacrificial altar of Ru.
  5846 | D:6      | Reached XP level 9. HP: 75/75 MP: 8/8
  5950 | D:6      | Reached skill level 1 in Shields
  6719 | D:7      | Reached skill level 9 in Armour
  7272 | D:8      | Mangled by an orc warrior

Illustrated notes

Levels and vault maps discovered:
D:1:      spicycebolla_green_bress_n_ham, layout_rooms, grunt_decor_one_mirror
D:2:      layout_basic, serial_shops, nicolae_shop_tiny_glass
D:3:      layout_rooms, gammafunk_ghost_grave, basic_ecumenical_altar,
          uniq_sigmund
D:4:      layout_loops_ring, mainiacjoe_overflow_paths,
          minmay_temple_entry_butterflies, uniq_edmund
D:5:      layout_basic, serial_shops, nicolae_stop_n_shop_2, fountainhead,
          kennysheep_generic_room_6, uniq_menkaure
D:6:      dreamdust_elfheim, layout_basic, mainiacjoe_overflow_alcove_4,
          minmay_fractal_squares_diagonal_5
D:7:      layout_basic
D:8:      minmay_the_grid_square_5x5_3x3 [minmay_the_grid_square_5x5_tri_point,
          minmay_the_grid_square_5x5_six_small,
          minmay_the_grid_square_5x5_hollow_slash,
          minmay_the_grid_square_5x5_two_walls_a,
          minmay_the_grid_square_5x5_megaprize_open,
          minmay_the_grid_square_5x5_intrusive_squares,
          minmay_the_grid_square_5x5_bracketed,
          minmay_the_grid_square_5x5_bridge, minmay_the_grid_square_5x5_slash],
          layout_cave_pools

Skill      XL: |  1  2  3  4  5  6  7  8  9 |
---------------+----------------------------+-----
Long Blades    | 4 |  4.0
Fighting       | 4 5 |  5.9
Axes           | 2 4 6 |  6.7
Armour         | 3 4 6 8 9 |  9.5
Dodging        | 3 |  3.5
Stealth        | 1 |  1.1
Maces & Flails | 3 6 8 |  8.6
Shields        | 1 |  1.2

Action                     |  1- 3 |  4- 6 |  7- 9 || total
---------------------------+-------+-------+-------++-------
  Melee: Falchion          |    39 |       |       ||    39
         Headbutt          |     8 |    12 |    18 ||    38
         Broad axe         |    41 |    93 |    19 ||   153
         Punch             |       |     2 |       ||     2
         Flail             |       |       |   151 ||   151
    Use: Scroll            |       |     1 |       ||     1
 Armour: Animal skin       |    22 |       |       ||    22
         Leather armour    |     4 |     7 |       ||    11
         Chain mail        |       |    37 |       ||    37
         Plate armour      |       |    13 |   211 ||   224
  Dodge: Dodged            |    80 |    50 |    89 ||   219
  Block: Buckler           |       |       |    18 ||    18
